AoeStats
← Caspernikov

Golden Pit

509846148Analyzed
1v1 RM · 4d ago on Sep 28, 2026· 49m 14s· 2 players
Game mode
Random Map
Map size
Tiny (2 player)
Population
200
Speed
Normal
Resources
Standard
Victory
Conquest
Starting age
Dark Age
Ending age
Imperial Age
RankedLock teamsTeams togetherTeam positionsShared explorationLock speedFull tech treeHidden civsTurbo modeCheats
Victory
Defeat
🇮🇳 Aztecs · India
673
+9
🇳🇱 Spanish · Netherlands
523
-9
Caspernikov
13:39 Feudal Age
13:52 Man-at-Arms
14:57 Double-Bit Axe
14:54 Horse Collar
20:41 Wheelbarrow
26:26 Castle Age
24:43 Forging
24:23 Fletching
25:46 Padded Archer Armor
26:28 Elite Skirmisher
26:31 Long Swordsman
27:10 Bodkin Arrow
27:34 Bow Saw
28:13 Gold Mining
36:41 Stone Mining
37:53 Iron Casting
38:43 Light Cavalry
40:39 Hand Cart
40:38 Bloodlines
41:16 Leather Archer Armor
41:01 Scale Mail Armor
42:46 Arson
WILL HUNTING
0:31 Loom
12:11 Feudal Age
12:15 Man-at-Arms
12:41 Arson
22:37 Castle Age
23:45 Long Swordsman
24:26 Squires
26:46 Gambesons
28:47 Horse Collar
30:48 Pikeman
30:53 Elite Skirmisher
39:02 Double-Bit Axe
42:40 Imperial Age
45:16 Conscription
46:03 Two-Handed Swordsman
46:59 Town Watch
48:16 Crossbowman
Connection lost

Rejoining the realm…

Still unreachable

The connection could not be restored.

Session expired

The server has moved on; the page needs a fresh start.